 Dungeon Crawl Stone Soup version 0.19.0-19-g8c6edcc (webtiles) character file.

581 Lochraine the Cudgeler (level 7, -5/44 HPs)
             Began as a Gargoyle Fighter on Nov 13, 2016.
             Was an Initiate of Makhleb.
             Slain by an ogre
             ... wielding a +0 giant club
              (22 damage)
             ... on level 4 of the Dungeon.
             The game lasted 00:07:11 (3411 turns).

Lochraine the Cudgeler (Gargoyle Fighter)           Turns: 3411, Time: 00:07:11

Health: -5/44      AC: 13    Str: 20    XL:     7   Next: 36%
Magic:  7/7        EV:  7    Int:  8    God:    Makhleb [......]
Gold:   136        SH:  9    Dex: 11    Spells: 0 memorised, 6 levels left

rFire  . . .     SeeInvis .     a - +0 flail
rCold  . . .     Gourm    .     b - +0 scale mail
rNeg   + . .     Faith    .     c - +0 shield
rPois  ∞         Spirit   .     k - +0 hat
rElec  +         Reflect  .     (no cloak)
rCorr  .         Harm     .     q - +0 pair of gloves
MR     .....                    (no boots)
Stlth  ..........               (no amulet)
                                (no ring)
                                (no ring)

@: no status effects
A: negative energy resistance 1, electricity resistance, unbreathing,
petrification resistance, rot immunity, AC +4
a: Renounce Religion


You were on level 4 of the Dungeon.
You worshipped Makhleb.
Makhleb was noncommittal.
You were near starving.

You visited 1 branch of the dungeon, and saw 5 of its levels.

You collected 136 gold pieces.

Inventory:

Hand Weapons
 a - a +0 flail (weapon)
Armour
 b - a +0 scale mail (worn)
 c - a +0 shield (worn)
 k - a +0 hat (worn)
 q - a +0 pair of gloves (worn)
 r - the +0 robe "Joowew" {Str+2 Slay+3}
   (You found it on level 4 of the Dungeon)

   It affects your strength (+2).
   It affects your accuracy and damage with ranged weapons and melee attacks
   (+3).
Jewellery
 u - an uncursed amulet of faith {unknown}
Scrolls
 d - a scroll of fear {unknown}
 e - a scroll of enchant weapon {unknown}
 l - 2 scrolls of identify {unknown}
 n - a scroll of blinking {unknown}
 s - a scroll of remove curse
 t - 2 scrolls of immolation {unknown}
 v - a scroll of random uselessness {unknown}
Potions
 h - 2 potions of curing
 j - a potion of flight {unknown}
 o - 2 potions of resistance {unknown}
Books
 p - a book of Cantrips

   Spells                             Type                      Level
   a - Confusing Touch                Hexes                        1
   b - Animate Skeleton               Necromancy                   1
   c - Summon Small Mammal            Summoning                    1
   d - Apportation                    Translocation                1
Comestibles
 f - 2 bread rations
 g - a slice of pizza
 i - 4 meat rations
 m - a royal jelly


   Skills:
 + Level 5.0 Fighting
 * Level 5.5 Maces & Flails
 + Level 5.0 Armour
 - Level 4.2 Shields


You had 6 spell levels left.
You didn't know any spells.

Dungeon Overview and Level Annotations

Branches:
Dungeon (5/15)
 Temple: D:4-7

Altars:
Elyvilon
Makhleb
Trog
Uskayaw
The Shining One

Shops:
D:4 *

Annotations:
D:4 Nicoed's ghost, amateur OgHu


Innate Abilities, Weirdness & Mutations

You are resistant to torment.
Your stone body is resilient. (AC +4)
You are immune to poison.
You resist negative energy. (rN+)
You are resistant to electric shocks. (rElec)
You can survive without breathing.
You are immune to petrification.
You are immune to rotting.


Message History

You start putting on your armour.
You continue putting on your +0 scale mail. x5
You finish putting on your +0 scale mail.
You climb upwards.
Level annotation: Nicoed's ghost, amateur OgHu The ogre hits you with a giant club!
The ogre hits you with a giant club.
There is a stone staircase leading down here.
You sock the ogre!
The ogre is heavily wounded.
You thump the ogre!
The ogre is almost dead.
The ogre barely misses you.
You hit the ogre but do no damage.
The ogre is almost dead.
The ogre hits you with a giant club!
You barely miss the ogre.
The ogre is almost dead.
The ogre hits you with a giant club!!
Ouch! That really hurt!
You die...

#..<..........#O# .#
#.##.....###..#.# #
#.##.#.### #..#.# #.##.#.#
#..#.# #.##...# #..#.#
#.####.# #..#.# #.# #.#
#..#.# #.# #.#####..#.#####
. ###.# #......O@#.##..##>.#
#...####.#####.......8.....
##.....................##..#
............................
.....>.##########.....∩##..#
.......# ##.#...##..#
##...### #.#.......# #...#
#.##.8###.# #####
#.........#


You could see an ogre.

Vanquished Creatures
  Grinder (D:3)
  Sigmund (D:2)
  2 orc priests
  Ijyb (D:2)
  An orc wizard (D:3)
  7 adders
  2 oozes
  A dart slug (D:2)
  4 leopard geckos
  An orc (D:3)
  7 giant cockroaches
  7 goblins
  9 hobgoblins
  6 jackals
  2 quokkas (D:2)
  2 ball pythons (D:3)
  10 bats
  4 frilled lizards
  3 kobolds (D:1)
  A leopard gecko skeleton (D:4)
  4 rats
76 creatures vanquished.

Vanquished Creatures (others)
  A quokka (D:3)
1 creature vanquished.

Grand Total: 77 creatures vanquished

Notes
Turn   | Place    | Note
-------+----------+-------------------------------------------
     0 | D:1      | Lochraine the Gargoyle Fighter began the quest for the Orb.
     0 | D:1      | Reached XP level 1. HP: 14/14 MP: 1/1
    66 | D:1      | Reached XP level 2. HP: 9/19 MP: 2/2
   449 | D:1      | Reached XP level 3. HP: 21/23 MP: 3/3
   791 | D:2      | Noticed Sigmund
  1022 | D:2      | Killed Sigmund
  1022 | D:2      | Reached XP level 4. HP: 11/30 MP: 4/4
  1022 | D:2      | Reached XP level 5. HP: 12/34 MP: 5/5
  1240 | D:2      | Reached XP level 6. HP: 39/39 MP: 6/6
  1441 | D:2      | Noticed Ijyb
  1470 | D:2      | Killed Ijyb
  1915 | D:3      | Noticed Grinder
  2125 | D:3      | Paralysed by Grinder for 7 turns
  2135 | D:3      | Paralysed by Grinder for 7 turns
  2144 | D:3      | Killed Grinder
  2144 | D:3      | Reached skill level 5 in Fighting
  2144 | D:3      | Reached skill level 5 in Maces & Flails
  2144 | D:3      | Reached XP level 7. HP: 11/44 MP: 7/7
  2406 | D:3      | Found a white marble altar of Elyvilon.
  2537 | D:3      | Reached skill level 5 in Armour
  2793 | D:3      | Found a hide-covered altar of Uskayaw.
  2793 | D:3      | Found a bloodstained altar of Trog.
  2798 | D:3      | Found a glowing golden altar of the Shining One.
  2802 | D:3      | Found a burning altar of Makhleb.
  2805 | D:3      | Found a white marble altar of Elyvilon.
  2809 | D:3      | Became a worshipper of Makhleb the Destroyer
  2899 | D:4      | Noticed Nicoed's ghost (amateur OgHu)
  3027 | D:4      | Got a shimmering robe
  3038 | D:4      | Identified the +0 robe "Joowew" {Str+2 Slay+3} (You found it on level 4 of the Dungeon)
  3092 | D:4      | Found Jevollu's General Store.
  3143 | D:5      | Entered Level 5 of the Dungeon
  3411 | D:4      | Slain by an ogre

Skill      XL: |  1  2  3  4  5  6  7 |
---------------+----------------------+-----
Maces & Flails | 4 5 |  5.5
Fighting       | 4 5 |  5.0
Armour         | 4 5 |  5.0
Shields        | 4 |  4.2

Action                   |  1- 3 |  4- 6 |  7- 9 || total
-------------------------+-------+-------+-------++-------
Melee: Flail             |   126 |   115 |    94 ||   335
  Use: Potion            |     2 |     1 |       ||     3
       Scroll            |       |       |     1 ||     1
  Eat: Chunk             |     1 |     3 |     3 ||     7
Armor: Scale mail        |    92 |    51 |    78 ||   221
       Robe              |       |       |     1 ||     1
Dodge: Dodged            |    50 |    28 |    22 ||   100
Block: Shield            |    75 |    54 |    60 ||   189
